 Dungeon Crawl Stone Soup version 0.30-a0-394-g3e4acdb (webtiles) character file.

Game seed: 8185324255873306261

168124 Dorkslayer the Peltast (level 17, -8/131 HPs)
             Began as a Demonspawn Fighter on Dec 6, 2022.
             Was an Initiate of Gozag.
             Mangled by a redback (17 damage)
             ... on level 2 of the Spider Nest.
             The game lasted 01:42:57 (25034 turns).

Dorkslayer the Peltast (Demonspawn Fighter)        Turns: 25034, Time: 01:42:57

Health: -8/131     AC: 34    Str: 22      XL:     17   Next: 8%
Magic:  17/17      EV:  9    Int:  8 (9)  God:    Gozag
Gold:   6958       SH: 15    Dex: 22      Spells: 16/16 levels left

rFire   + + .      SeeInvis +    q - +7 Throatcutter {drain, coup de grace}
rCold   + . .      Faith    .    a - +2 buckler {AC+3}
rNeg    + . .      Spirit   .    W - +3 plate armour {rPois}
rPois   +          Reflect  .    M - +1 helmet {SInv}
rElec   +          Harm     .    z - scarf {rC+ rF+}
rCorr   .          Rampage  .    (gloves unavailable)
Will    +....                    u - +0 pair of boots
Stlth   ..........               K - amulet "Avvuo" {Acrobat rN+ Dex+3}
HPRegen 0.41/turn                o - +7 ring of slaying
MPRegen 0.15/turn                y - ring of Erchecio {rElec AC+4 Dex+5}

@: slowed, very slow
A: molten scales 3, powered by death 2, condensation shield, demonic touch 3,
clumsy 1
}: 1/15 runes: decaying
a: Renounce Religion, Potion Petition, Call Merchant, Bribe Branch


You were on level 2 of the Spider Nest.
You worshipped Gozag.
Gozag was greatly pleased with you.
You visited 6 branches of the dungeon, and saw 25 of its levels.
You also visited: Ice Cave.

You collected 10649 gold pieces.
You spent 3620 gold pieces at shops.
You paid 71 gold pieces to Gozag.

Inventory:

Hand Weapons
 q - the +7 Throatcutter (weapon) {drain, coup de grace}
   (You found it on level 4 of the Dungeon)

   A truly terrible weapon, it drains the life of any living foe it strikes.
   It may instantly kill foes which have little health.
 D - the +10 falchion of Axuint {venom, *Slow SInv Stlth+}
   (You found it on level 4 of the Swamp)

   It poisons the flesh of those it strikes.
   SInv:      It lets you see invisible.
   *Slow:     It may slow you when you take damage.
   Stlth:     It makes you more stealthy.
 I - a +5 scimitar of flaming
Missiles
 c - 16 boomerangs
 i - 5 javelins
 n - a silver boomerang
 R - a curare-tipped dart (quivered)
Armour
 a - a +2 buckler of protection (worn)
 m - a +0 kite shield
 u - a +0 pair of boots (worn)
 z - a scarf of resistance (worn)
 C - a +2 pair of gloves of dexterity
 E - a +0 cloak of poison resistance
 M - a +1 helmet of see invisible (worn)
 Q - a +3 crystal plate armour of cold resistance
 W - a +3 plate armour of poison resistance (worn)
Jewellery
 k - a ring of see invisible
 o - a +7 ring of slaying (left hand)
 s - a ring of flight
 y - the ring of Erchecio (right hand) {rElec AC+4 Dex+5}
   (You bought it in a shop on level 5 of the Dungeon)

   [ring of protection]

   AC:        It affects your AC (+4).
   Dex:       It affects your dexterity (+5).
   rElec:     It insulates you from electricity.
 K - the amulet "Avvuo" (around neck) {Acrobat rN+ Dex+3}
   (You found it on level 4 of the Lair of Beasts)

   [amulet of the acrobat]

   It increases your evasion while moving and waiting.
   Dex:       It affects your dexterity (+3).
   rN:        It protects you from negative energy.
 N - a ring of protection from fire
 P - the ring "Puuhi" {Str+2 Int+5 Dex+6}
   (You found it on level 4 of the Swamp)

   [ring of dexterity]

   Str:       It affects your strength (+2).
   Int:       It affects your intelligence (+5).
   Dex:       It affects your dexterity (+6).
Wands
 b - a wand of paralysis (9)
 f - a wand of mindburst (4)
 r - a wand of digging (20)
 v - a wand of quicksilver (6)
 G - a wand of polymorph (4)
 O - a wand of flame (3)
Scrolls
 e - 3 scrolls of immolation
 h - 6 scrolls of magic mapping
 j - 4 scrolls of butterflies
 l - 9 scrolls of teleportation
 F - 3 scrolls of poison
 T - 2 scrolls of summoning
 U - 2 scrolls of brand weapon
Potions
 d - 9 potions of curing
 p - 2 potions of might
 t - 2 potions of resistance
 w - a potion of magic
 B - a potion of ambrosia
 H - 3 potions of mutation
 J - 2 potions of flight
 S - a potion of berserk rage
 V - a potion of brilliance
 X - a potion of cancellation {unknown}
 Y - 2 potions of haste
Miscellaneous
 g - a condenser vane


   Skills:
 + Level 11.5 Fighting
 + Level 16.5 Long Blades
 + Level 8.3 Polearms
 + Level 3.2 Throwing
 + Level 14.5 Armour
 + Level 3.2 Dodging
 + Level 3.8 Stealth
 * Level 16.6 Shields
 * Level 11.5 Evocations


You had 16 spell levels left.
You didn't know any spells.
Your spell library contained the following spells:

 Spells                   Type           Power      Damage    Failure   Level
 Beastly Appendage        Tmut           0%         N/A       99%         1
 Sandblast                Erth           0%         2d4       99%         1
 Shock                    Conj/Air       0%         1d3       99%         1
 Blink                    Tloc           0%         N/A       100%        2
 Ensorcelled Hibernation  Hex/Ice        0%         N/A       100%        2
 Momentum Strike          Conj/Tloc      0%         3d8       100%        2
 Passwall                 Tmut/Erth      0%         N/A       100%        2
 Wereblood                Tmut           0%         N/A       100%        2
 Hailstorm                Conj/Ice       0%         3d3       100%        3
 Ignite Poison            Fire/Tmut/Pois 0%         N/A       100%        3
 Inner Flame              Hex/Fire       0%         N/A       100%        3
 Kindle Blastsparks       Fire/Tloc/Air  0%         2d10      100%        3
 Lesser Beckoning         Tloc           0%         N/A       100%        3
 Ozocubu's Armour         Ice            0%         N/A       100%        3
 Spider Form              Tmut/Pois      0%         N/A       100%        3
 Stone Arrow              Conj/Erth      0%         3d7       100%        3
 Summon Guardian Golem    Hex/Summ       0%         N/A       100%        3
 Swiftness                Air            0%         N/A       100%        3
 Airstrike                Air            0%         2d(0-16)  100%        4
 Cause Fear               Hex            0%         N/A       100%        4
 Ice Form                 Ice/Tmut       0%         N/A       100%        4
 Summon Ice Beast         Ice/Summ       0%         N/A       100%        4
 Summon Lightning Spire   Summ/Air       0%         N/A       100%        4
 Arcjolt                  Conj/Air       0%         1d10      100%        5
 Blade Hands              Tmut           0%         N/A       100%        5
 Fireball                 Conj/Fire      0%         3d3       100%        5
 Freezing Cloud           Conj/Ice/Air   0%         6-21      100%        5
 Irradiate                Conj/Tmut      0%         3d11      100%        5
 Iskenderun's Battlesphe  Conj           0%         2d6       100%        5
 Yara's Violent Unravell  Hex/Tmut       0%         3d3       100%        5
 Conjure Ball Lightning   Conj/Air       0%         3x3d6     100%        6
 Dragon Form              Tmut           0%         N/A       100%        7
 Enfeeble                 Hex            0%         N/A       100%        7
 Orb of Destruction       Conj           0%         9d5       100%        7
 Ozocubu's Refrigeration  Ice            0%         4d7       100%        7
 Storm Form               Tmut/Air       0%         N/A       100%        7
 Discord                  Hex            0%         N/A       100%        8
 Maxwell's Capacitive Co  Air            0%         ∞         100%        8
 Simulacrum               Ice/Necr       Unusable   N/A       N/A         6

Dungeon Overview and Level Annotations

Branches:
Dungeon (11/15)            Temple (1/1) D:4            Lair (5/5) D:10
  Swamp (4/4) Lair:2       Spider (2/4) Lair:2        Slime (0/5) Lair:4
    Orc (2/2) D:11            Elf (0/3) Orc:2         IceCv (visited)

Altars:
Ashenzari
Cheibriados
Dithmenos
Fedhas
Gozag
Hepliaklqana
Kikubaaqudgha
Makhleb
Nemelex Xobeh
Okawaru
Qazlal
Ru
Uskayaw
Vehumet
Wu Jian
Xom
Yredelemnul

Shops:
D:5 [!=   Orc:2 [*([:

Portals:
Abyss: Swamp:1


Innate Abilities, Weirdness & Mutations

You are completely covered in molten scales. (AC +4, rF+)
You regenerate health from kills.
A meltable shield of frost defends you. (SH +4)
Your touch may irresistibly damage your foes and sap their willpower.
You are clumsy. (Dex -2)


Message History

You block the redback's attack. The culicivora bites you!
The culicivora draws strength from your injuries!
The tarantella rages.
The wolf spider is no longer distracted by gold.
The redback closely misses you. The wolf spider hits you!!
* * * LOW HITPOINT WARNING * * *
The wolf spider closely misses you. The redback barely misses you.
The tarantella closely misses you. The redback completely misses you.
The wolf spider completely misses you. The wolf spider bites you!
* * * LOW HITPOINT WARNING * * *
You block the redback's attack.
The tarantella is distracted by your dazzling golden aura.
The moth of wrath goads something on!
The wolf spider completely misses you.
The wolf spider bites you but does no damage.
The redback misses you. x2
You feel much better. The redback bites you.
You block the wolf spider's attack. The wolf spider bites you!
* * * LOW HITPOINT WARNING * * *
The redback bites you!
* * * LOW HITPOINT WARNING * * *
The redback bites you.
* * * LOW HITPOINT WARNING * * *
You block the redback's attack. You block the wolf spider's attack.
The wolf spider bites you but does no damage.
The culicivora bites you but does no damage.
The redback bites you.
* * * LOW HITPOINT WARNING * * *
The redback bites you but does no damage.
The wolf spider hits you but does no damage.
The wolf spider bites you but does no damage.
The culicivora barely misses you.
Blink to where?
Press: ? - help, Dir - move target
As you read the scroll of blinking, it crumbles to dust.
The tarantella is no longer distracted by gold.
You block the wolf spider's attack. The wolf spider bites you!
* * * LOW HITPOINT WARNING * * *
The redback bites you!
You die...
Your body crumbles into a pile of gold.

#.............
...............
........#......#
...#..#...#.#.#.##
......?..#.........#
...#.....$...#...)#
^#...#.............### $
...#....#<..#.#......##
...^#.#.#s.s@$#>......#
..........ss$$........#
....#..w§#.y..........#
........s.s.#.$.....#.#
.#..#$.#.#.#..#.....##
......$....#.....#...#
...#.#.#............## .
..^.....#.......#.....#
....#......#.....#.####.#


You could see an emperor scorpion (berserk), a torpor snail (berserk), a wolf
spider (berserk), a moth of wrath, a culicivora, a tarantella (berserk) and 2
redbacks.

Vanquished Creatures
  A tentacled monstrosity (Swamp:4)
  A tentacled starspawn (Swamp:1)
  A thorn hunter (Swamp:2)
  An azure jelly (Swamp:4)
  2 frost giants (IceCv)
  3 ghouls (Swamp:4)
  A ghost moth (Spider:1)
  The ghost of slippy the Unseen, a journeyman KoBr of Okawaru (Swamp:1)
  6 eleionomae
  A white draconian (IceCv)
  2 bunyips
  4 spark wasps
  The ghost of Draconius the Cleaver, a journeyman HOGl of Qazlal (Lair:2)
  An entropy weaver (Spider:1)
  2 ice dragons (Swamp:4)
  8 hydras
  2 boulder beetles
  4 ghost crabs
  A centaur warrior (D:10)
  4 radroaches (Spider:1)
  3 two-headed ogres
  Erica (D:8)
  17 alligators
  16 death yaks
  4 ironbound frosthearts (IceCv)
  A hell hog (Swamp:1)
  An orc high priest (Orc:2)
  A pharaoh ant (Spider:1)
  A sun moth (Spider:1)
  5 goliath frogs
  7 spriggan druids
  An orb spider (Spider:1)
  A glowing orange brain (Swamp:1)
  4 steelbarb worms
  2 bog bodies
  2 swamp dragons
  An orange crystal statue (IceCv)
  A wizard (Swamp:1)
  5 orc knights
  3 orc sorcerers (Orc:2)
  An oklob plant (Lair:4)
  2 will-o-the-wisps
  14 ugly things
  10 wolf spiders
  A manticore (D:10)
  5 elephants (Lair:3)
  2 moths of wrath (Lair:2)
  4 torpor snails
  Joseph (D:8)
  4 black mambas
  21 cane toads
  2 demonic crawlers
  9 komodo dragons
  An unseen horror (D:10)
  Maggie (D:6)
  A kobold demonologist (D:11)
  21 rime drakes
  5 freezing wraiths
  A bloated husk (Swamp:1)
  23 polar bears
  7 trolls
  9 tyrant leeches
  12 tarantellas
  11 hornets
  29 blink frogs
  6 dream sheep
  6 jumping spiders
  13 spriggans
  2 starcursed masses (Swamp:1)
  11 culicivoras (Spider:1)
  A wraith (D:11)
  2 shadows
  A centaur simulacrum (D:10)
  3 basilisks
  A wyvern (D:10)
  28 yaks
  14 vampire mosquitoes
  6 swamp worm simulacra (Swamp:4)
  17 redbacks
  2 steam dragons
  12 swamp worms
  4 wargs
  2 acid dragons (D:10)
  7 water moccasins
  Edmund (D:6)
  16 hydra simulacra (Swamp:4)
  Duvessa (D:4)
  2 swamp drakes
  32 orc warriors
  2 ice beasts
  2 sky beasts
  2 black bears
  4 ogres (Orc:1)
  6 wolves (Lair:1)
  2 centaurs (D:9)
  A phantom (D:7)
  2 kobold brigands
  2 necrophages
  17 bullfrogs
  A gnoll sergeant (D:8)
  3 scorpions
  4 wights (D:8)
  Dowan (D:4)
  4 killer bees
  An electric eel (Lair:5)
  8 howler monkeys
  7 crimson imps (D:7)
  2 jellies (D:5)
  5 hounds
  16 orc priests
  A gnoll bouda (D:4)
  An iguana (D:5)
  25 orc wizards
  8 gnolls
  5 adders
  2 shadow imps
  A white imp (D:7)
  An ufetubus (D:6)
  2 swamp drake simulacra (Swamp:4)
  5 worms
  4 dart slugs
  61 orcs
  7 endoplasms
  A giant cockroach (D:1)
  6 goblins
  5 hobgoblins
  4 jackals (D:3)
  9 kobolds
  4 quokkas
  8 ball pythons
  4 bats
  A frilled lizard (D:2)
  2 rats (D:1)
  2 butterflies (Lair:3)
772 creatures vanquished.

Vanquished Creatures (others)
  A spriggan druid (Swamp:4)
  A swamp dragon (Swamp:3)
  2 bloated husks
  A hornet (Swamp:4)
  2 spriggans (Swamp:4)
  A swamp worm (Swamp:4)
  An orc wizard (Orc:2)
  An orc (D:10)
  2 briar patches (Swamp:2)
  A bush (Lair:1)
  2 foxfires (Swamp:4)
  40 fungi
  A lurking horror (Swamp:1)
  97 plants
  5 starspawn tentacles (Swamp:1)
158 creatures vanquished.

Grand Total: 930 creatures vanquished

Notes
Turn   | Place    | Note
-------+----------+-------------------------------------------
     0 | D:1      | Dorkslayer the Demonspawn Fighter began the quest for the
                  | Orb.
     0 | D:1      | Reached XP level 1. HP: 18/18 MP: 1/1
   168 | D:1      | Gained mutation: You are partially covered in molten
                  | scales. (AC +2) [demonic ancestry]
   168 | D:1      | Reached XP level 2. HP: 24/24 MP: 2/2
   781 | D:2      | Reached XP level 3. HP: 17/29 MP: 3/3
   854 | D:2      | Identified the +4 ring mail of the Enchanted Forest {+Blink
                  | rF- rC++ Dex+2}
  1122 | D:2      | Found a faded altar of an unknown god.
  1272 | D:3      | Gained mutation: A meltable shield of frost defends you.
                  | (SH +4) [demonic ancestry]
  1272 | D:3      | Reached XP level 4. HP: 33/35 MP: 4/4
  1362 | D:3      | You fall into a shaft and drop 2 floors!
  1362 | D:5      | Entered Level 5 of the Dungeon
  1406 | D:5      | Identified the +9 spear "Zunudic" {flame, MP-9 Dex+5}
  1443 | D:5      | Found Xoloh's Antique Armour Shop.
  1483 | D:5      | Noticed an ice beast
  1488 | D:5      | Reached skill level 1 in Polearms
  1488 | D:5      | Reached XP level 5. HP: 21/41 MP: 0/5
  1493 | D:5      | Killed an ice beast
  1494 | D:5      | Reached skill level 1 in Dodging
  1571 | D:5      | Found Bamuxyfa's Distillery.
  1685 | D:5      | Found Siserief's One-of-a-Kind Rings.
  1689 | D:5      | Gained mutation: Your touch may inflict minor irresistible
                  | damage on your foes. [demonic ancestry]
  1689 | D:5      | Reached XP level 6. HP: 47/48 MP: 0/6
  1715 | D:4      | Found an ornate altar of the Wu Jian Council.
  1717 | D:4      | Found the +7 Throatcutter {drain, coup de grace}
  1909 | D:4      | Noticed Duvessa
  1910 | D:4      | Noticed Dowan
  1911 | D:4      | Found a basalt altar of Yredelemnul.
  1917 | D:4      | Killed Duvessa
  2163 | D:3      | Found a sparkling altar of Nemelex Xobeh.
  2435 | D:4      | Gained mutation: You regenerate a little health from kills.
                  | [demonic ancestry]
  2435 | D:4      | Reached XP level 7. HP: 46/55 MP: 7/7
  2739 | D:4      | Found a staircase to the Ecumenical Temple.
  2748 | Temple   | Entered the Ecumenical Temple
  2756 | Temple   | Became a worshipper of Gozag Ym Sagoz the Greedy
  2904 | D:4      | Killed Dowan
  3032 | D:5      | Found an ancient bone altar of Kikubaaqudgha.
  3264 | D:5      | Bought a potion of haste for 120 gold pieces
  3264 | D:5      | Bought a potion of heal wounds for 60 gold pieces
  3520 | D:6      | Reached XP level 8. HP: 61/61 MP: 8/8
  3565 | D:6      | Noticed Edmund
  3573 | D:6      | Killed Edmund
  3641 | D:6      | Reached skill level 5 in Long Blades
  3767 | D:6      | Noticed Maggie
  3777 | D:6      | Killed Maggie
  3778 | D:6      | Reached skill level 5 in Fighting
  3778 | D:6      | Reached skill level 1 in Stealth
  3878 | D:6      | Reached skill level 1 in Evocations
  3924 | D:7      | Reached skill level 5 in Armour
  4011 | D:7      | Found a stormy altar of Qazlal.
  4130 | D:7      | Reached XP level 9. HP: 68/68 MP: 9/9
  4303 | D:7      | Found a broken altar of Ashenzari.
  4616 | D:8      | Identified 2 scrolls of acquirement
  4616 | D:8      | Acquired a manual of Long Blades
  4618 | D:8      | Acquired a manual of Armour
  4659 | D:8      | Noticed Erica
  4677 | D:8      | Killed Erica
  4678 | D:8      | Reached skill level 5 in Polearms
  5028 | D:8      | Noticed Joseph
  5035 | D:8      | Killed Joseph
  5170 | D:8      | Reached XP level 10. HP: 75/75 MP: 10/10
  5727 | D:9      | Found a shadowy altar of Dithmenos.
  6030 | D:9      | Reached skill level 5 in Shields
  6473 | D:10     | Entered Level 10 of the Dungeon
  6484 | D:10     | Noticed a manticore
  6488 | D:10     | Noticed a red ugly thing
  6500 | D:10     | Reached skill level 10 in Long Blades
  6503 | D:10     | Killed a manticore
  6507 | D:10     | Killed a red ugly thing
  6617 | D:10     | Noticed a centaur warrior
  6640 | D:10     | Killed a centaur warrior
  6688 | D:10     | Paralysed by a hornet for 1 turns
  6694 | D:10     | Noticed a two-headed ogre
  6710 | D:10     | Killed a two-headed ogre
  6711 | D:10     | Gained mutation: Your touch may inflict irresistible damage
                  | on your foes. [demonic ancestry]
  6711 | D:10     | Reached XP level 11. HP: 50/81 MP: 11/11
  6741 | D:10     | Found a shimmering altar of Xom.
  7334 | D:10     | Found a staircase to the Lair.
  8025 | D:11     | Noticed a two-headed ogre
  8030 | D:11     | Killed a two-headed ogre
  8091 | D:11     | Found a staircase to the Orcish Mines.
  8166 | D:11     | Noticed a sixfirhy
  8237 | D:11     | Noticed a cyan ugly thing
  8245 | D:11     | Killed a cyan ugly thing
  8381 | D:11     | Noticed Sonja
  8663 | D:5      | Bought an embroidered cloak for 225 gold pieces
  8743 | D:5      | Bought a potion of haste for 120 gold pieces
  8743 | D:5      | Bought a potion of heal wounds for 60 gold pieces
  8743 | D:5      | Bought a potion of resistance for 120 gold pieces
  9034 | Orc:1    | Entered Level 1 of the Orcish Mines
  9268 | Orc:1    | Reached skill level 5 in Evocations
  9293 | Orc:1    | Noticed an orc knight
  9310 | Orc:1    | Killed an orc knight
  9762 | Orc:2    | Entered Level 2 of the Orcish Mines
  9768 | Orc:2    | Found Nemeysuk's Antique Armour Emporium.
  9839 | Orc:2    | Noticed an orc knight
  9857 | Orc:2    | Gained mutation: You are mostly covered in molten scales.
                  | (AC +3) [demonic ancestry]
  9857 | Orc:2    | Reached XP level 12. HP: 78/91 MP: 12/12
  9910 | Orc:2    | Noticed a two-headed ogre
  9919 | Orc:2    | Killed a two-headed ogre
 10002 | Orc:2    | Noticed an orc warlord
 10016 | Orc:2    | an orc warlord changed into a boulder beetle
 10016 | Orc:2    | Noticed a boulder beetle
 10097 | Orc:2    | Killed a boulder beetle
 10098 | Orc:2    | Reached skill level 1 in Throwing
 10203 | Orc:2    | Noticed an orc high priest
 10487 | Orc:2    | Killed an orc high priest
 10488 | Orc:2    | Reached skill level 10 in Armour
 10682 | Orc:2    | Gained mutation: You are clumsy. (Dex -2) [a neqoxec]
 11043 | Orc:2    | Found a staircase to the Elven Halls.
 11272 | Orc:2    | Found Apifraose's General Store.
 11278 | Orc:2    | Bought a scroll of teleportation for 45 gold pieces
 11278 | Orc:2    | Bought a scroll of teleportation for 45 gold pieces
 11278 | Orc:2    | Bought a scroll of identify for 30 gold pieces
 11288 | Orc:2    | Found Otesch's Antique Weapon Emporium.
 11304 | Orc:2    | Found Ceyntoogg's Book Emporium.
 11319 | Orc:2    | Found Zom Gaym's Antique Armour Emporium.
 11622 | Orc:2    | Found a staircase to the Elven Halls.
 11683 | Orc:2    | Found Ceyntoogg's Book Emporium.
 11693 | Orc:2    | Found Zom Gaym's Antique Armour Emporium.
 11794 | Orc:2    | Found Nemeysuk's Antique Armour Emporium.
 11839 | Orc:2    | Bought a glowing buckler for 232 gold pieces
 11977 | Orc:2    | Found Otesch's Antique Weapon Emporium.
 12383 | D:5      | Bought a +7 ring of slaying for 1898 gold pieces
 12549 | Lair:1   | Entered Level 1 of the Lair of Beasts
 12651 | Lair:1   | You fall into a shaft and drop 1 floor!
 12749 | Lair:1   | Acquired 1185 gold pieces
 13428 | Lair:2   | Noticed a death yak
 13443 | Lair:1   | Gained mutation: Your touch may irresistibly damage your
                  | foes and sap their willpower. [demonic ancestry]
 13443 | Lair:1   | Reached XP level 13. HP: 79/96 MP: 13/13
 13835 | Lair:2   | Found a transporter.
 13864 | Lair:2   | Found a transporter.
 13880 | Lair:2   | Noticed Draconius's ghost (journeyman HOGl)
 14222 | Lair:2   | Found a hole to the Spider Nest.
 14283 | Lair:2   | Found a staircase to the Swamp.
 14470 | Lair:2   | Killed Draconius's ghost
 14485 | Lair:2   | Identified the ring "Itemimoe" {rN+ AC+4}
 14708 | D:5      | Bought the ring of Erchecio {rElec AC+4 Dex+5} for 665 gold
                  | pieces
 14983 | Lair:3   | Acquired a manual of Shields
 15145 | Lair:3   | Reached skill level 15 in Long Blades
 15646 | Lair:4   | Identified the amulet "Avvuo" {Acrobat rN+ Dex+3}
 15910 | Lair:4   | Found a staircase to the Slime Pits.
 15957 | Lair:4   | Reached XP level 14. HP: 106/106 MP: 14/14
 16139 | Lair:4   | Found a hide-covered altar of Uskayaw.
 16142 | Lair:4   | Found an ornate altar of the Wu Jian Council.
 16488 | Lair:5   | Entered Level 5 of the Lair of Beasts
 16861 | Lair:5   | Reached skill level 10 in Shields
 17875 | Lair:5   | Identified the +5 long sword "Gymik" {vorpal, Int+5}
 18242 | Swamp:1  | Entered Level 1 of the Swamp
 18356 | Swamp:1  | Reached skill level 10 in Fighting
 18396 | Swamp:1  | Found a frozen archway.
 18405 | IceCv    | Entered an ice cave
 18489 | IceCv    | Gained mutation: You regenerate health from kills. [demonic
                  | ancestry]
 18489 | IceCv    | Reached XP level 15. HP: 74/115 MP: 15/15
 18756 | IceCv    | Got the Almanac of the Collective Storm
 19033 | IceCv    | Noticed a frost giant
 19070 | IceCv    | Noticed a frost giant
 19073 | IceCv    | Killed a frost giant
 19088 | IceCv    | Killed a frost giant
 19150 | IceCv    | Identified the ring "Qirer" {*Corrode rN+ MP+9 Dex+2}
 19321 | Swamp:1  | Noticed a tentacled starspawn
 19322 | Swamp:1  | Noticed slippy's ghost (journeyman KoBr)
 19517 | Swamp:1  | Found a transporter.
 19524 | Swamp:1  | Found a transporter.
 19862 | Swamp:1  | Found a one-way gate to the infinite horrors of the Abyss.
 19878 | Swamp:1  | Killed slippy's ghost
 19883 | Swamp:1  | Reached skill level 10 in Evocations
 19947 | Swamp:1  | Killed a tentacled starspawn
 20121 | Swamp:2  | Noticed a thorn hunter
 20145 | Swamp:2  | Killed a thorn hunter
 20349 | Swamp:2  | Identified the +10 rapier of Nese Ele {freeze, Will+ Int+4}
 20537 | Swamp:2  | HP: 5/117 [spark wasp (4)]
 21309 | Swamp:3  | Gained mutation: You are completely covered in molten
                  | scales. (AC +4, rF+) [demonic ancestry]
 21309 | Swamp:3  | Reached XP level 16. HP: 123/124 MP: 16/16
 21837 | Swamp:3  | Identified the +1 plate armour "Uladaal" {rElec Int+2
                  | Dex+7}
 21942 | Swamp:4  | Entered Level 4 of the Swamp
 21958 | Swamp:3  | Reached skill level 15 in Shields
 22203 | Swamp:4  | Noticed a tentacled monstrosity
 22217 | Swamp:4  | Killed a tentacled monstrosity
 22891 | Swamp:4  | Identified the +10 falchion of Axuint {venom, *Slow SInv
                  | Stlth+}
 22948 | Swamp:4  | Identified the ring "Puuhi" {Str+2 Int+5 Dex+6}
 23438 | Swamp:4  | Got a decaying rune of Zot
 23571 | Spider:1 | Entered Level 1 of the Spider Nest
 24706 | Spider:1 | Reached XP level 17. HP: 131/131 MP: 1/17
 25034 | Spider:2 | Mangled by a redback

Illustrated notes

Levels and vault maps discovered:
D:1:      dpeg_arrival_radiant, layout_loops_ring
D:2:      layout_rooms, ebering_ecumenical_altar_hall
D:3:      layout_rooms, nemelex_dance_club_becter, nrook_mini_backslash
D:4:      layout_layer_cave, general_overflow_altar, yredelemnul_altar_generic,
          temple_hall, uniq_duvessa
D:5:      layout_basic, mainiacjoe_overflow_small_starburst, serial_shops,
          nicolae_inconvenience_store, nicolae_shop_trees,
          nicolae_shop_unique_rings
D:6:      layout_rooms, kennysheep_generic_room_6, uniq_edmund, uniq_maggie
D:7:      layout_gridville, nicolae_qazlal_scattered_showers, ashenzari_altar_1,
          minmay_nine_imps
D:8:      layout_loops_corners, uniq_joseph, uniq_erica
D:9:      layout_stronghold, kennysheep_little_box
D:10:     layout_basic, xom_confusion_cloud, erik_lair_dragon, minmay_radiant
D:11:     layout_loops_ring, david_orc_4, uniq_sonja
Temple:   eino_narrow_crystal_temple
Lair:1:   layout_gridlike, serial_bayou_shore_b
Lair:2:   layout_hall_layers, swamp_mist, spider_nest_entry_a,
          gammafunk_ghost_berserking_beasts, grunt_megastairs_5,
          lemuel_fruit_tree
Lair:3:   layout_gridlike, lemuel_fruit_fields, lemuel_fruit_fields
Lair:4:   layout_hall_layers, slime_entry_1, nzn_masters_of_martial_movement,
          grunt_megastairs_1
Lair:5:   minmay_lair_end_frog_pond, layout_layer_cave,
          hangedman_lair_generics_rect
Swamp:1:  layout_falls_marsh, portal_ice_cave_entry_pillars_2,
          gammafunk_ghost_abyssal_escape, nicolae_swamp_orc_logging_accident,
          swamp_pool2, infiniplex_staircase_pool
Swamp:2:  nicolae_swamp_ascending_descending, layout_basic_swamp,
          nicolae_swamp_round_clearing, swamp_pool3, nicolae_swamp_catching_bugs
Swamp:3:  layout_basic_swamp, nicolae_swamp_little_tower
Swamp:4:  swamp_icy, layout_basic_swamp, nicolae_swamp_tree_isthmus
Spider:1: layout_spider_delve
Spider:2: layout_spider_delve, beargit_elvish_explorers
Orc:1:    layout_caves, basic_altar
Orc:2:    grunt_orc_cross, layout_caves, serial_shops,
          nicolae_shop_overgrown_old_shop

Skill      XL: |  1  2  3  4  5  6  7  8  9 10 11 12 13 14 15 16 |
---------------+-------------------------------------------------+-----
Armour         | 3 4 5 6 7 9 12 13 14 | 14.5
Shields        | 3 4 5 6 7 9 12 14 16 | 16.6
Long Blades    | 2 3 4 5 8 11 13 14 15 16 | 16.5
Polearms       | 1 2 3 4 5 6 7 8 |  8.3
Dodging        | 1 2 3 |  3.2
Fighting       | 4 5 6 7 8 10 11 | 11.5
Stealth        | 1 2 3 |  3.8
Evocations     | 1 3 4 5 6 7 9 10 11 | 11.5
Throwing       | 1 2 3 |  3.2

Action                   |  1- 3 |  4- 6 |  7- 9 | 10-12 | 13-15 | 16-18 || total
-------------------------+-------+-------+-------+-------+-------+-------++-------
Melee: Long sword        |   139 |    51 |   179 |   585 |   983 |   647 ||  2584
       Spear             |       |    40 |       |       |       |       ||    40
       Scimitar          |       |       |       |       |    56 |       ||    56
Throw: Dart              |       |       |     1 |     6 |     6 |       ||    13
       Javelin           |       |       |       |    13 |     6 |       ||    19
       Boomerang         |       |       |       |     7 |     6 |       ||    13
Evoke: Wand              |       |       |     8 |    17 |     5 |     7 ||    37
       Condenser vane    |       |       |       |       |     3 |     1 ||     4
  Use: Scroll            |       |       |     8 |    12 |    15 |     8 ||    43
       Potion            |       |       |     2 |     6 |     9 |     1 ||    18
 Stab: Paralysed         |       |       |     4 |       |       |       ||     4
       Distracted        |       |       |     1 |     2 |    12 |     5 ||    20
       Confused          |       |       |       |       |     1 |       ||     1
Armor: Scale mail        |    49 |       |       |       |       |       ||    49
       Chain mail        |     6 |    36 |    87 |    48 |       |       ||   177
       Plate armour      |       |       |       |   189 |   323 |   246 ||   758
       Crystal plate arm |       |       |       |       |   150 |   299 ||   449
Dodge: Dodged            |    64 |    24 |    45 |    93 |   258 |   245 ||   729
Block: Buckler           |    34 |    32 |    65 |    51 |   513 |   609 ||  1304
       Kite shield       |       |       |     8 |   328 |       |       ||   336

Table legend: (Time is in decaauts)
 A = Elapsed time spent in this place.
 B = Non-inter-level travel time spent in this place.
 C = Inter-level travel time spent in this place.
 D = Time resting spent in this place.
 E = Time spent auto-exploring this place.
 F = Levels seen in this place.
 G = Mean time per level.
                   A        B        C        D        E       F      G
               +--------+--------+--------+--------+--------+-----+--------+
         Total |  25020 |  23646 |   1374 |   1826 |   7806 |  26 |  962.3 |
       Dungeon |   9949 |   8954 |    995 |    174 |   3762 |  11 |  904.5 |
        Temple |     16 |     16 |      0 |      0 |      0 |   1 |   16.0 |
          Lair |   5397 |   5291 |    106 |    246 |   2275 |   5 | 1079.4 |
         Swamp |   4743 |   4577 |    166 |    830 |    689 |   4 | 1185.8 |
   Spider Nest |   1172 |   1169 |      3 |    114 |    360 |   2 |  586.0 |
  Orcish Mines |   2924 |   2822 |    102 |    366 |    720 |   2 | 1462.0 |
      Ice Cave |    816 |    816 |      0 |     96 |      0 |   1 |  816.0 |
               +--------+--------+--------+--------+--------+-----+--------+

Top non-repeatable levels by time:
   Orc:2: 2287 daAuts
  Lair:5: 1573 daAuts
    D:10: 1376 daAuts
 Swamp:2: 1328 daAuts
 Swamp:3: 1322 daAuts
  Lair:1: 1208 daAuts
 Swamp:1: 1137 daAuts
     D:5: 1121 daAuts
    D:11: 1104 daAuts
     D:8: 1070 daAuts
Spider:1: 1062 daAuts
  Lair:2: 962 daAuts
 Swamp:4: 955 daAuts
     D:9: 943 daAuts
  Lair:4: 888 daAuts
